 Dungeon Crawl Stone Soup version 0.30-a0-694-g3340775977 (webtiles) character file.

Game seed: 12375040897002700340

910 Alitron123 the Covert (level 7, -1/52 HPs)
             Began as a Vampire Brigand on Jan 20, 2023.
             Was an Initiate of Kikubaaqudgha.
             Slain by a kobold brigand
             ... wielding a +0 short sword of holy wrath
              (4 damage)
             ... on level 6 of the Dungeon.
             The game lasted 00:10:51 (4203 turns).

Alitron123 the Covert (Vampire Brigand)             Turns: 4203, Time: 00:10:52

Health: -1/52      AC:  4    Str: 10    XL:     7   Next: 81%
Magic:  7/7        EV: 13    Int: 19    God:    Kikubaaqudgha [......]
Gold:   225        SH:  0    Dex: 18    Spells: 6/6 levels left

rFire   . . .      SeeInvis +    a - +3 dagger
rCold   . . .      Faith    .    (no shield)
rNeg    . . .      Spirit   .    b - +0 robe
rPois   +          Reflect  .    (no helmet)
rElec   .          Harm     .    c - +0 cloak
rCorr   .          Rampage  .    t - +0 pair of gloves
Will    .....                    (no boots)
Stlth   +++++                    (no amulet)
HPRegen 0.48/turn                j - +6 ring of intelligence
MPRegen 0.10/turn                p - ring of poison resistance

@: healing quickly
A: alive, fangs 3, see invisible, vampiric 2
a: Exsanguinate, Renounce Religion


You were on level 6 of the Dungeon.
You worshipped Kikubaaqudgha.
Kikubaaqudgha was noncommittal.
You visited 1 branch of the dungeon, and saw 7 of its levels.

You collected 225 gold pieces.

Inventory:

Hand Weapons
 a - a +3 dagger (weapon)
 v - the +10 mace of the Lumpy Hosts {freeze, *Corrode rF+ rC+ Dex+4}
   (You found it on level 5 of the Dungeon)

   Dex:       It affects your dexterity (+4).
   rF:        It protects you from fire.
   rC:        It protects you from cold.
   *Corrode:  It may corrode you when you take damage.
Missiles
 d - 14 poisoned darts (quivered)
 e - 3 curare-tipped darts
 l - 2 atropa-tipped darts
Armour
 b - a +0 robe (worn)
 c - a +0 cloak (worn)
 t - a +0 pair of gloves (worn)
Magical Staves
 i - a staff of air
Jewellery
 j - a +6 ring of intelligence (left hand)
 p - a ring of poison resistance (right hand)
 s - a ring of wizardry
Scrolls
 f - a scroll of fear
 g - a scroll of magic mapping
 h - 2 scrolls of blinking
 k - 2 scrolls of teleportation
 n - 3 scrolls of enchant weapon
 r - a scroll of immolation
Potions
 m - a potion of mutation {unknown}
 o - 2 potions of lignification {unknown}
 q - a potion of brilliance {unknown}


   Skills:
 + Level 3.4 Fighting
 + Level 5.6 Short Blades
 + Level 1.7 Throwing
 + Level 3.3 Dodging
 + Level 10.9 Stealth


You had 6 spell levels left.
You didn't know any spells.
Your spell library contained the following spells:

 Spells                   Type           Power      Damage    Failure   Level
 Kiss of Death            Conj/Necr      0%         2d5       21%         1
 Necrotise                Necr           0%         1d4       21%         1
 Sting                    Tmut/Pois      0%         1d3       21%         1
 Poisonous Vapours        Pois/Air       0%         N/A       30%         2
 Summon Guardian Golem    Hex/Summ       0%         N/A       52%         3
 Vampiric Draining        Necr           0%         2d6       52%         3
 Animate Dead             Necr           0%         N/A       90%         4
 Olgreb's Toxic Radiance  Pois           0%         N/A       90%         4
 Orb of Destruction       Conj           0%         9d5       100%        7
 Spellforged Servitor     Conj/Summ      0%         N/A       100%        7


Dungeon Overview and Level Annotations

Branches:
Dungeon (7/15)             Temple (0/1) D:4

Altars:
Ashenzari
Kikubaaqudgha
Nemelex Xobeh
Qazlal
Ru


Innate Abilities, Weirdness & Mutations

Your natural rate of healing is accelerated.
You have razor-sharp teeth.
You have supernaturally acute eyesight. (SInv)
You are afflicted with vampirism and can become a bat while bloodless.


Message History

The necrophage is moderately damaged.
The necrophage hits you. The kobold brigand closely misses you.
You hit the necrophage.
The necrophage is moderately damaged.
There are monsters nearby!
You are too injured to fight recklessly!
Unknown command.
Throw: 15 darts (poison)
Press: ? - help, Shift-Dir - straight line, f - necrophage, p - kobold brigand
Aim: a necrophage (moderately damaged, 62% to hit)
You throw a poisoned dart. The poisoned dart hits the necrophage.
The necrophage is moderately damaged.
The kobold brigand hits you with a +0 short sword of holy wrath.
You convulse.
* * * LOW HITPOINT WARNING * * *
The necrophage hits you.
* * * LOW HITPOINT WARNING * * *
You are too injured to fight recklessly!
The necrophage attacks as you move away!
The necrophage hits you.
* * * LOW HITPOINT WARNING * * *
The kobold brigand hits you with a +0 short sword of holy wrath.
* * * LOW HITPOINT WARNING * * *
You convulse.
* * * LOW HITPOINT WARNING * * *
Things that are here:
a +0 dagger; a stone; a kobold corpse Blink to where?
Press: ? - help, Dir - move target, p - necrophage
Okay, then.
Okay, then.
The kobold brigand hits you with a +0 short sword of holy wrath.
Keep bloodletting?
Uppercase [Y]es or [N]o only, please.
Keep bloodletting?
You stop emptying yourself of blood.
* * * LOW HITPOINT WARNING * * *
You convulse.
You die...
Kikubaaqudgha rasps: "You have failed me!
Welcome... death!"

######## #......#####
#..........#
+..........#
#...)@K....#########
#....n.............#
#..((..............#
#..................##
#...(.......###.....#
#....((.)....##.....#
.......<....#..#.....#
.....####...?##.......#
..... ########......##


You could see a kobold brigand (poisoned) and a necrophage.

Vanquished Creatures
  A black bear (D:4)
  An ice beast (D:6)
  An ogre (D:5)
  2 phantoms (D:6)
  2 scorpions (D:5)
  A hound (D:5)
  An orc priest (D:7)
  A jelly (D:5)
  3 iguanas
  An orc wizard (D:6)
  3 gnolls (D:6)
  6 adders
  An ufetubus (D:6)
  6 dart slugs
  10 orcs
  7 bats
  7 endoplasms
  6 giant cockroaches
  8 goblins
  4 hobgoblins
  2 jackals (D:2)
  6 kobolds
  3 quokkas
  5 ball pythons
  3 frilled lizards
  3 rats
94 creatures vanquished.

Vanquished Creatures (others)
  A worm (D:6)
1 creature vanquished.

Grand Total: 95 creatures vanquished

Notes
Turn   | Place    | Note
-------+----------+-------------------------------------------
     0 | D:1      | Alitron123 the Vampire Brigand began the quest for the Orb.
     0 | D:1      | Reached XP level 1. HP: 16/16 MP: 1/1
     5 | D:1      | Noticed an electric eel
    29 | D:1      | Reached skill level 6 in Stealth
   152 | D:1      | Reached XP level 2. HP: 20/22 MP: 2/2
   391 | D:1      | Reached skill level 7 in Stealth
   391 | D:1      | Gained mutation: You are afflicted with vampirism and can
                  | become a bat while bloodless. [Vampire growth]
   391 | D:1      | Reached XP level 3. HP: 27/27 MP: 3/3
   522 | D:1      | Found a faded altar of an unknown god.
  1125 | D:2      | Found a stormy altar of Qazlal.
  1807 | D:3      | Found a broken altar of Ashenzari.
  1910 | D:3      | Reached XP level 4. HP: 31/33 MP: 4/4
  1966 | D:3      | Found a sacrificial altar of Ru.
  2044 | D:3      | Found an ancient bone altar of Kikubaaqudgha.
  2166 | D:3      | Became a worshipper of Kikubaaqudgha
  2226 | D:4      | Noticed a black bear
  2231 | D:4      | Killed a black bear
  2232 | D:4      | Reached skill level 8 in Stealth
  2232 | D:4      | Reached XP level 5. HP: 39/39 MP: 5/5
  2277 | D:4      | Found a staircase to the Ecumenical Temple.
  2739 | D:5      | Entered Level 5 of the Dungeon
  2877 | D:5      | Reached XP level 6. HP: 46/46 MP: 6/6
  2942 | D:5      | Reached skill level 9 in Stealth
  2962 | D:5      | Found a sparkling altar of Nemelex Xobeh.
  3215 | D:5      | Identified the +10 mace of the Lumpy Hosts {freeze,
                  | *Corrode rF+ rC+ Dex+4}
  3355 | D:5      | Reached skill level 10 in Stealth
  3355 | D:5      | Reached XP level 7. HP: 9/51 MP: 7/7
  3678 | D:6      | Reached skill level 5 in Short Blades
  3964 | D:6      | Reached * piety under Kikubaaqudgha
  3964 | D:6      | Received a gift from Kikubaaqudgha
  4203 | D:6      | Slain by a kobold brigand

Illustrated notes

Levels and vault maps discovered:
D:1:      arrival_aquarium_a, layout_loops_cross,
          hellmonk_ecumenical_altar_zigzags
D:2:      layout_basic, serial_co_window_serial, co_window_paths_a,
          co_window_paths_a, co_window_of_opportunity_a, co_window_corner_a,
          co_window_paths_a, co_window_paths_a, co_window_of_opportunity_a,
          co_window_of_opportunity_a, co_window_paths_a, co_window_paths_c,
          co_window_corner_b, co_window_corner_b, co_window_paths_c,
          co_window_4corner_a, glass_columns_b, glass_columns_a, basic_altar
D:3:      layout_basic, nicolae_ashenzari_skybound,
          mainiacjoe_overflow_alcove_1, overflow_temple_1_default
D:4:      layout_rooms, minmay_temple_entry_slanted
D:5:      layout_gridville, nemelex_diamond_rough_becter,
          eino_small_chamber_without_monster, nicolae_hexahallways
D:6:      layout_basic, tso_metal_star, okawaru_altar_gauntlet_db
D:7:      layout_basic, nicolae_wu_jian_wuxing_cycle,
          mainiacjoe_overflow_catwalk, lemuel_round_altar,
          nicolae_ossuary_entry_monument

Skill      XL: |  1  2  3  4  5  6  7 |
---------------+----------------------+-----
Stealth        | 6 7 8 10 | 10.9
Fighting       | 2 3 |  3.4
Short Blades   | 3 4 5 |  5.6
Dodging        | 2 3 |  3.3
Throwing       | |  1.7

Action                   |  1- 3 |  4- 6 |  7- 9 || total
-------------------------+-------+-------+-------++-------
Melee: Dagger            |   113 |   105 |   123 ||   341
       Bite              |     7 |    16 |    15 ||    38
       Punch             |       |     3 |     2 ||     5
Throw: Dart              |       |       |     7 ||     7
Invok: Unearth Wretches  |       |       |     1 ||     1
 Abil: Exsanguinate      |       |       |     1 ||     1
  Use: Scroll            |       |    10 |       ||    10
       Potion            |       |     5 |     4 ||     9
 Stab: Sleeping          |    22 |    14 |     1 ||    37
       Paralysed         |       |       |     1 ||     1
Armor: Robe              |    22 |    11 |    12 ||    45
Dodge: Dodged            |    52 |    55 |    64 ||   171

Table legend: (Time is in decaauts)
 A = Elapsed time spent in this place.
 B = Non-inter-level travel time spent in this place.
 C = Inter-level travel time spent in this place.
 D = Time resting spent in this place.
 E = Time spent auto-exploring this place.
 F = Levels seen in this place.
 G = Mean time per level.
                   A        B        C        D        E       F      G
               +--------+--------+--------+--------+--------+-----+--------+
         Total |   4132 |   3931 |    201 |      0 |   3028 |   7 |  590.3 |
       Dungeon |   4132 |   3931 |    201 |      0 |   3028 |   7 |  590.3 |
               +--------+--------+--------+--------+--------+-----+--------+

Top non-repeatable levels by time:
     D:2: 916 daAuts
     D:5: 885 daAuts
     D:1: 780 daAuts
     D:3: 512 daAuts
     D:4: 507 daAuts
     D:6: 447 daAuts
     D:7: 81 daAuts
